 Dungeon Crawl Stone Soup version 0.31-a0-816-gd61d57ddb1 (webtiles) character file.

Game seed: 15703781070820276710

144 Ijustatesigmund the Magician (level 5, -6/30 HPs)
             Began as a Deep Elf Fire Elementalist on Sept 22, 2023.
             Was an Initiate of Vehumet.
             Mangled by Duvessa
             ... wielding a +2 short sword of holy wrath
              (9 damage)
             ... on level 4 of the Dungeon.
             The game lasted 00:06:01 (3611 turns).

Ijustatesigmund the Magician (DEFE)                 Turns: 3611, Time: 00:06:04

Health: -6/30      AC:  2    Str:  5    XL:     5   Next: 5%
Magic:  7/13       EV: 12    Int: 22    God:    Vehumet [......]
Gold:   143        SH:  0    Dex: 15    Spells: 5/12 levels left

rFire   . . .        e - +3 short sword
rCold   . . .        (no shield)
rNeg    . . .        a - +0 robe
rPois   .            (no helmet)
rElec   .            (no cloak)
rCorr   .            (no gloves)
SInv    .            (no boots)
Will    .....        (no amulet)
Stlth   ++           (no ring)
HPRegen 0.25/turn    (no ring)
MPRegen 0.13/turn

%: no passive effects
@: very slightly contaminated, hasted, invisible, very quick
A: no striking features
a: Renounce Religion


You were on level 4 of the Dungeon.
You worshipped Vehumet.
Vehumet was noncommittal.
You visited 2 branches of the dungeon, and saw 5 of its levels.

You collected 143 gold pieces.

Inventory:

Hand Weapons
 e - a +3 short sword (weapon)
Armour
 a - a +0 robe (worn)
Jewellery
 r - a ring of poison resistance
Scrolls
 c - a scroll of torment {unknown}
 d - a scroll of identify
 f - 2 scrolls of amnesia {unknown}
 g - 2 scrolls of revelation {unknown}
 h - 4 scrolls of silence
 j - 2 scrolls of vulnerability {unknown}
 k - a scroll of enchant armour {unknown}
 l - 2 scrolls of immolation {unknown}
 m - a scroll of fog {unknown}
 n - 2 scrolls of teleportation {unknown}
 o - 2 scrolls of enchant weapon {unknown}
 q - a scroll of blinking {unknown}
Potions
 b - a potion of magic
 i - 2 potions of curing
 p - a potion of haste
 s - a potion of invisibility


   Skills:
 + Level 1.6 Fighting
 - Level 2.4 Dodging
 - Level 2.4 Stealth
 + Level 4.4 Spellcasting
 + Level 2.9 Conjurations
 + Level 4.2 Fire Magic


You had 5 spell levels left.
You knew the following spells:

 Your Spells              Type           Power      Damage    Failure   Level
a - Foxfire               Conj/Fire      80%        2x1d8     2%          1
b - Scorch                Fire           46%        2d6       3%          2
c - Flame Wave            Conj/Fire      20%        2d7       26%         4

Your spell library contained the following spells:

 Spells                   Type           Power      Damage    Failure   Level
 Apportation              Tloc           8%         N/A       11%         1
 Inner Flame              Hex/Fire       14%        N/A       14%         3
 Volatile Blastmotes      Fire/Tloc      28%        2d12      14%         3
 Jinxbite                 Hex            8%         N/A       16%         2
 Sublimation of Blood     Necr           4%         N/A       16%         2
 Petrify                  Tmut/Erth      4%         N/A       71%         4
 Irradiate                Conj/Tmut      5%         3d13      86%         5
 Alistair's Intoxication  Tmut/Pois      2%         N/A       96%         5


Dungeon Overview and Level Annotations

Branches:
Dungeon (4/15)             Temple (1/1) D:4

Altars:
Ashenzari
Cheibriados
Dithmenos
Fedhas
Gozag
Hepliaklqana
Kikubaaqudgha
Makhleb
Nemelex Xobeh
Okawaru
Qazlal
Ru
Sif Muna
Uskayaw
Vehumet
Yredelemnul
Zin
The Shining One

Annotations:
D:4 Dowan, Duvessa


Message History

As you read the scroll labelled GILAGG XUGRU, it crumbles to dust.
It is a scroll of identify.
i - 2 potions of curing
As you read the scroll of identify, it crumbles to dust.
p - 2 potions of haste
As you read the scroll of identify, it crumbles to dust.
s - 2 potions of invisibility
There is an open door here.
There is an open door here.
There is a staircase back to the Dungeon here.
You fade into invisibility!
You climb upwards.
Welcome back to the Dungeon!
Level annotation: Dowan, Duvessa Duvessa misses you.
Dowan casts a spell at you.
The puff of flame hits Duvessa.
Duvessa shouts!
There is a staircase to the Ecumenical Temple here.
You feel yourself speed up.
Duvessa hits you with a +2 short sword of holy wrath!
Dowan says, "Where the sword fails, magic succeeds!"
Dowan gestures at Duvessa while chanting.
The puff of frost hits Duvessa but does no damage.
Duvessa shouts!
Casting: Foxfire (safe; 2% risk of failure)
Confirm with . or Enter, or press ? or * to list all spells.
Flames lash Duvessa.
Duvessa is moderately wounded.
Duvessa's fire resistance burns away.
Duvessa hits you with a +2 short sword of holy wrath!
Casting: Scorch (safe; 3% risk of failure)
Confirm with . or Enter, or press ? or * to list all spells.
Casting: Flame Wave (extremely dangerous; 26% risk of failure)
Press: ? - help, Dir - look around, f - activate You miscast Flame Wave.
You are very lightly contaminated with residual magic.
Strange energies run through your body!
* * * LOW HITPOINT WARNING * * *
Duvessa hits you with a +2 short sword of holy wrath!
You die...

#.##..# #######..##
#....)....#
#.........# #
#.........# .
#....###.## .#
#....#######.###
.#......8........
#.........@........
#.........8e.......
#..................
#.######.##e###..##
#. ##.##.##.## .#
..........# #
..........#
#..##....## ###+
######'### .....


You could see Duvessa (unable to see you, combustible) and Dowan (unable to see
you).

Vanquished Creatures
  An orc wizard (D:3)
  2 adders
  5 worms
  A dart slug (D:2)
  5 orcs
  7 bats
  5 endoplasms
  5 giant cockroaches (D:1)
  6 goblins
  2 hobgoblins (D:1)
  17 jackals (D:1)
  2 quokkas
  6 ball pythons
  2 frilled lizards
  4 kobolds
  5 rats
75 creatures vanquished.

Vanquished Creatures (others)
  158 foxfires
158 creatures vanquished.

Grand Total: 233 creatures vanquished

Notes
Turn   | Place    | Note
-------+----------+-------------------------------------------
     0 | D:1      | Ijustatesigmund the Deep Elf Fire Elementalist began the
                  | quest for the Orb.
     0 | D:1      | Reached XP level 1. HP: 10/10 MP: 6/6
    85 | D:1      | Reached XP level 2. HP: 14/16 MP: 0/8
   408 | D:1      | Learned a level 2 spell: Scorch
   528 | D:1      | Reached XP level 3. HP: 11/20 MP: 7/10
   688 | D:1      | Reached skill level 1 in Fighting
  1704 | D:2      | Reached XP level 4. HP: 25/25 MP: 8/11
  1709 | D:2      | Learned a level 4 spell: Flame Wave
  2886 | D:3      | Reached XP level 5. HP: 29/29 MP: 8/13
  3475 | D:4      | Found a staircase to the Ecumenical Temple.
  3491 | D:4      | Noticed Duvessa
  3491 | D:4      | Noticed Dowan
  3503 | Temple   | Entered the Ecumenical Temple
  3538 | Temple   | Became a worshipper of Vehumet
  3611 | D:4      | Mangled by Duvessa

Illustrated notes

Levels and vault maps discovered:
D:1:      nicolae_arrival_washed_ashore, layout_loops_ring,
          grunt_decor_arrowhead, minmay_misc_feat_more_columns,
          minmay_worlds_worst_comb
D:2:      layout_basic
D:3:      layout_basic
D:4:      wad_pebble_path, layout_gridville, temple_statues,
          chequers_serial_rivers_micro_b, uniq_crazy_yiuf_cottage, uniq_duvessa,
          uniq_robin, uniq_sigmund
Temple:   dpeg_five_rooms_temple

Skill      XL: |  1  2  3  4 |
---------------+-------------+-----
Conjurations   | 2 |  2.9
Fighting       | 1 |  1.6
Spellcasting   | 4 |  4.4
Fire Magic     | 4 |  4.2
Dodging        | |  2.4
Stealth        | |  2.4

Action                     |  1- 3 |  4- 6 || total
---------------------------+-------+-------++-------
  Melee: Short sword       |    14 |     1 ||    15
   Cast: Foxfire           |    66 |    34 ||   100
         Scorch            |    10 |    15 ||    25
         Flame Wave        |       |     1 ||     1
    Use: Scroll            |       |     4 ||     4
         Potion            |       |     2 ||     2
 Armour: Robe              |    19 |     3 ||    22
  Dodge: Dodged            |    34 |     4 ||    38

Table legend: (Time is in decaauts)
 A = Elapsed time spent in this place.
 B = Non-inter-level travel time spent in this place.
 C = Inter-level travel time spent in this place.
 D = Time resting spent in this place.
 E = Time spent auto-exploring this place.
 F = Levels seen in this place.
 G = Mean time per level.
                   A        B        C        D        E       F      G
               +--------+--------+--------+--------+--------+-----+--------+
         Total |   3610 |   3496 |    114 |    209 |   2806 |   5 |  722.0 |
       Dungeon |   3506 |   3417 |     89 |    179 |   2806 |   4 |  876.5 |
        Temple |    103 |     78 |     25 |     30 |      0 |   1 |  103.0 |
               +--------+--------+--------+--------+--------+-----+--------+

Top non-repeatable levels by time:
     D:1: 1453 daAuts
     D:3: 978 daAuts
     D:2: 976 daAuts
  Temple: 103 daAuts
     D:4: 97 daAuts
